 Dungeon Crawl Stone Soup version 0.22.1-1-ga44c0e56f4 (webtiles) character file.

56 Reeggar the Ducker (level 3, 0/25 HPs)
             Began as a Felid Berserker on Oct 23, 2018.
             Was a Believer of Trog.
             Succumbed to an adder's poison
             ... on level 2 of the Dungeon.
             The game lasted 00:05:28 (1569 turns).

Reeggar the Ducker (Felid Berserker)                Turns: 1569, Time: 00:05:28

Health: 0/25       AC:  1    Str: 19    XL:     3   Next: 69%
Magic:  4/4        EV: 20    Int:  8    God:    Trog [**....]
Gold:   64         SH:  0    Dex: 15    Spells: 2/2 levels left
                                        Lives:  0   Deaths: 0

rFire    . . .     SeeInvis +     - Unarmed
rCold    . . .     Gourm    .   (shield unavailable)
rNeg     . . .     Faith    .   (armour unavailable)
rPois    .         Spirit   .   (helmet unavailable)
rElec    .         Reflect  .   (cloak unavailable)
rCorr    .         Harm     .   (gloves unavailable)
MR       .....                  (boots unavailable)
Stlth    ..........             (no amulet)
HPRegen  0.08/turn              (no ring)
MPRegen  0.09/turn              (no ring)

@: berserking, lethally poisoned (0 -> -8), very quick
A: very small, no armour, no weapons or thrown items, stealth, claws 1, fangs 3,
see invisible, carnivore, speed 1, shaggy fur 1, slow metabolism 1, sharp paws
a: Berserk, Trog's Hand, Renounce Religion


You were on level 2 of the Dungeon.
You worshipped Trog.
Trog was pleased with you.
You were hungry.

You visited 1 branch of the dungeon, and saw 2 of its levels.

You collected 64 gold pieces.

Inventory:

Scrolls
 e - a scroll of teleportation {unknown}
 g - a scroll of enchant armour {unknown}
 i - a scroll of identify {unknown}
Potions
 c - a potion of agility {unknown}
 d - 2 potions of flight {unknown}
 f - 2 potions of lignification {unknown}
 h - 2 potions of curing {unknown}
 j - a potion of brilliance {unknown}
Comestibles
 a - 2 rations
 b - 2 chunks of flesh


   Skills:
 + Level 3.3 Fighting
 + Level 4.7 Dodging
 * Level 2.2 Stealth
 + Level 3.5 Unarmed Combat


You had 2 spell levels left.
You didn't know any spells.
Your spell library was empty.

Dungeon Overview and Level Annotations

Branches:
Dungeon (2/15)

Altars:


Innate Abilities, Weirdness & Mutations

You cannot wear armour.
You are incapable of wielding weapons or throwing items.
Your paws allow you to move quietly. (Stealth)
You have sharp claws.
You have razor-sharp teeth.
You have supernaturally acute eyesight. (SInv)
You are carnivorous and can eat meat at any time.
You cover ground quickly.
You are covered in fur. (AC +1)
You have a slow metabolism.
Your sharp claws are effective at attacking unaware monsters.


Message History

You see here a chunk of flesh.
The adder misses you.
You completely miss the adder. The adder bites you. x2
You are poisoned.
The adder poisons you!
You scratch the adder.
The adder is moderately wounded.
You feel sick. The adder bites you.
* * * LOW HITPOINT WARNING * * *
You are more poisoned.
The adder poisons you!
A red film seems to cover your vision as you go berserk!
You feel yourself moving faster!
You feel mighty!
You are feeling hungry.
The adder misses you.
You are too berserk!
You claw the adder!
You kill the adder!
Trog accepts your kill.
You die...

.. #. #### #. ...
#### #.###.######
##...##.....##...##
##.....##...##.....##
#.......#...#.%†....#
#..(..).'...'.%@.?..#
#.......#...#.......#
##.....##..(##.....##
##...###...###...##
##### #...# #####
##...###...###...##
##.....##...##.....##
#.......#...#(......#
#...÷...'...'.......#


There were no monsters in sight!

Vanquished Creatures
  2 adders (D:2)
  3 leopard geckos
  6 bats
  2 giant cockroaches (D:2)
  6 hobgoblins
  A kobold (D:1)
  2 quokkas (D:2)
  A frilled lizard (D:1)
  4 goblins
  6 rats
33 creatures vanquished.

Notes
Turn   | Place    | Note
-------+----------+-------------------------------------------
     0 | D:1      | Reeggar the Felid Berserker began the quest for the Orb.
     0 | D:1      | Reached XP level 1. HP: 10/10 MP: 2/2
   188 | D:1      | Reached skill level 1 in Stealth
   188 | D:1      | Reached XP level 2. HP: 14/14 MP: 3/3
  1230 | D:2      | Reached XP level 3. HP: 15/17 MP: 4/4
  1266 | D:2      | Reached ** piety under Trog
  1569 | D:2      | Succumbed to an adder's poison

Skill      XL: |  1  2  3 |
---------------+----------+-----
Stealth        | 1 2 |  2.2
Fighting       | |  3.3
Dodging        | |  4.7
Unarmed Combat | |  3.5

Action                   || total
-------------------------++-------
Melee: Unarmed           ||    71
       Bite              ||     7
       Punch             ||     1
Invok: Berserk           ||     3
 Stab: Sleeping          ||     2
  Eat: Chunk             ||     2
Armor: Skin              ||     1
Dodge: Dodged            ||    77
